 Dungeon Crawl Stone Soup version 0.31-a0-963-ga325b2283a (webtiles) character file.

Game seed: 4177500073726466540

132598 Shayle the Blocker (level 17, -1/255 HPs)
             Began as an Ogre Hexslinger on Oct 25, 2023.
             Was an Initiate of Gozag.
             Slain by a wolf spider (8 damage)
             ... led by a broodmother
             ... on level 1 of the Spider Nest.
             The game lasted 03:31:01 (37566 turns).

Shayle the Blocker (Ogre Hexslinger)               Turns: 37566, Time: 03:31:02

Health: -1/255     AC: 17    Str: 18      XL:     17   Next: 12%
Magic:  39/39      EV: 14    Int:  0 (21) God:    Gozag
Gold:   1825       SH: 13    Dex: 16      Spells: 14/34 levels left

rFire   + . .        o - +7 Spriggan's Knife {stab, EV+4 Stlth+}
rCold   + + .        f - +0 kite shield
rNeg    + + .        O - +1 swamp dragon scales
rPois   +            c - +2 hat {Int+3}
rElec   +            N - +2 cloak {rCorr}
rCorr   +            (gloves unavailable)
SInv    +            (boots unavailable)
Will    +....        P - amulet of regeneration Stlth
                     z - ring of Cufenn {rC++ rN+ MP+9 Int+3 SInv}
HPRegen 1.42/turn    E - ring "Veigecke" {rElec rF+ rN+ Str-2 Dex+2 Stlth+}
MPRegen 0.26/turn

%: no passive effects
@: mighty, berserking (expiring), lethally poisoned (-1 -> -5), slowed, lost
intelligence, unable to read
A: large, unfitting armour, tough skin 1, strong 1, MP-powered wands
a: Renounce Religion, Potion Petition, Call Merchant, Bribe Branch


You were on level 1 of the Spider Nest.
You worshipped Gozag.
Gozag was most pleased with you.
You visited 5 branches of the dungeon, and saw 25 of its levels.
You also visited: Bailey, Gauntlet and Ice Cave.

You collected 9447 gold pieces.
You spent 2499 gold pieces at shops.
You paid 5123 gold pieces to Gozag.

Inventory:

Hand Weapons
 j - a +1 scimitar of distortion
 o - the +7 Spriggan's Knife (weapon) {stab, EV+4 Stlth+}
   (You acquired it on level 5 of the Dungeon)

   Stab:      It is more effective when stabbing unaware enemies, sometimes
   treating them as though they were completely helpless.
   EV+4:      It affects your evasion (+4).
   Stlth+:    It makes you more stealthy.
Missiles
 K - 6 silver javelins
 M - 2 throwing nets (quivered)
 V - 29 large rocks
 X - 5 curare-tipped darts
Armour
 c - a +2 hat of intelligence (worn)
 f - a +0 kite shield (worn)
 N - a +2 cloak of preservation (worn)
 O - +1 swamp dragon scales (worn)
Jewellery
 k - a +6 ring of dexterity
 z - the ring of Cufenn (left hand) {rC++ rN+ MP+9 Int+3 SInv}
   (You found it in an ice cave)

   [ring of see invisible]

   Int+3:     It affects your intelligence (+3).
   rC++:      It greatly protects you from cold.
   rN+:       It protects you from negative energy.
   MP+9:      It affects your magic capacity (+9).
   SInv:      It lets you see invisible.
 E - the ring "Veigecke" (right hand) {rElec rF+ rN+ Str-2 Dex+2 Stlth+}
   (You bought it in a shop on level 1 of the Lair of Beasts)

   [ring of positive energy]

   Str-2:     It affects your strength (-2).
   Dex+2:     It affects your dexterity (+2).
   rF+:       It protects you from fire.
   rElec:     It insulates you from electricity.
   rN+:       It protects you from negative energy.
   Stlth+:    It makes you more stealthy.
 I - the ring of Pohacei {Fly rC+ Str+6 SInv}
   (You found it in a Gauntlet)

   [ring of strength]

   Str+6:     It affects your strength (+6).
   rC+:       It protects you from cold.
   SInv:      It lets you see invisible.
   Fly:       It grants you flight.
 L - the ring "Biane" {Wiz Dex+3 Stlth+}
   (You found it on level 2 of the Lair of Beasts)

   [ring of wizardry]

   Wiz:       It improves your spell success rate.
   Dex+3:     It affects your dexterity (+3).
   Stlth+:    It makes you more stealthy.
 P - an amulet of regeneration (around neck)
Wands
 r - a wand of digging (4)
 B - a wand of paralysis (4)
 D - a wand of flame (12)
 G - a wand of polymorph (26)
 Y - a wand of iceblast (3)
Scrolls
 a - a scroll of brand weapon
 e - a scroll of butterflies
 g - 2 scrolls of vulnerability
 i - 5 scrolls of fog
 q - a scroll of silence
 v - a scroll of enchant armour
 y - 4 scrolls of fear
 Q - 6 scrolls of teleportation
 S - a scroll of torment
 W - a scroll of blinking
 Z - 2 scrolls of poison
Potions
 b - 9 potions of ambrosia
 d - 3 potions of enlightenment
 l - 4 potions of mutation
 m - 6 potions of brilliance
 n - 3 potions of resistance
 p - 4 potions of haste
 s - 2 potions of curing
 t - 3 potions of magic
 w - 6 potions of lignification
 x - 3 potions of cancellation
 F - 4 potions of attraction
 H - a potion of might
Miscellaneous
 u - a phial of floods (inert)


   Skills:
 - Level 11.2 Fighting
 - Level 10.0 Short Blades
 - Level 1.3 Ranged Weapons
 - Level 9.1 Armour
 - Level 5.7 Dodging
 - Level 9.2 Stealth
 + Level 13.0 Shields
 - Level 3.7 Unarmed Combat
 - Level 9.2 Spellcasting
 + Level 2.2 Conjurations
 - Level 8.8 Hexes
 + Level 11.1 Summonings
 - Level 1.4 Fire Magic
 + Level 2.1 Air Magic
 + Level 2.1 Poison Magic


You had 14 spell levels left.
You knew the following spells:

 Your Spells              Type           Power      Damage    Failure   Level
a - Jinxbite              Hex            0%         N/A       3%          2
b - Cause Fear            Hex            0%         N/A       22%         4
c - Inner Flame           Hex/Fire       0%         N/A       30%         3
d - Summon Mana Viper     Hex/Summ       0%         N/A       36%         5
e - Mephitic Cloud        Conj/Pois/Air  0%         N/A       71%         3
f - Summon Guardian Gole  Hex/Summ       0%         N/A       4%          3

Your spell library contained the following spells:

 Spells                   Type           Power      Damage    Failure   Level
 Call Imp                 Summ           0%         N/A       1%          2
 Sigil of Binding         Hex            0%         N/A       7%          3
 Ensorcelled Hibernation  Hex/Ice        0%         N/A       22%         2
 Magic Dart               Conj           0%         1d3       34%         1
 Sting                    Tmut/Pois      0%         1d3       50%         1
 Necrotise                Necr           0%         1d4       65%         1
 Animate Armour           Summ/Erth      0%         N/A       65%         4
 Fulminant Prism          Conj/Hex       0%         3d5       65%         4
 Summon Ice Beast         Ice/Summ       0%         N/A       65%         4
 Swiftness                Air            0%         N/A       71%         3
 Lesser Beckoning         Tloc           0%         N/A       78%         2
 Passwall                 Tmut/Erth      0%         N/A       78%         2
 Sublimation of Blood     Necr           0%         N/A       78%         2
 Dimensional Bullseye     Hex/Tloc       0%         N/A       80%         4
 Stone Arrow              Conj/Erth      0%         3d7       85%         3
 Volatile Blastmotes      Fire/Tloc      0%         2d10      88%         3
 Gell's Gravitas          Tloc           0%         N/A       95%         3
 Teleport Other           Tloc           0%         N/A       95%         3
 Vampiric Draining        Necr           0%         2d6       95%         3
 Iskenderun's Mystic Bla  Conj/Tloc      0%         2d3       99%         4
 Vhi's Electric Charge    Tloc/Air       0%         N/A       99%         4
 Petrify                  Tmut/Erth      0%         N/A       100%        4
 Agony                    Necr           0%         N/A       100%        5
 Alistair's Intoxication  Tmut/Pois      0%         N/A       100%        5
 Arcjolt                  Conj/Air       0%         1d10      100%        5
 Borgnjor's Vile Clutch   Necr/Erth      0%         N/A       100%        5
 Freezing Cloud           Conj/Ice/Air   0%         6-21      100%        5
 Irradiate                Conj/Tmut      0%         3d11      100%        5
 Death Channel            Necr           0%         N/A       100%        6
 Eringya's Noxious Bog    Tmut/Pois      0%         4d6       100%        6
 Plasma Beam              Fire/Air       0%         2x1d10    100%        6
 Haunt                    Necr/Summ      0%         N/A       100%        7
 Monstrous Menagerie      Summ           0%         N/A       100%        7
 Orb of Destruction       Conj           0%         9d5       100%        7
 Spellforged Servitor     Conj/Summ      0%         N/A       100%        7
 Infestation              Necr           0%         N/A       100%        8
 Lehudib's Crystal Spear  Conj/Erth      0%         10d2      100%        8
 Animate Dead             Necr           Unusable   N/A       N/A         4

Dungeon Overview and Level Annotations

Branches:
Dungeon (15/15)            Temple (1/1) D:6            Lair (5/5) D:9
 Shoals (0/4) Lair:2       Spider (2/4) Lair:2        Slime (0/5) Lair:5
    Orc (2/2) D:10            Elf (0/3) Orc:2        Depths (0/4) D:15
 Bailey (visited)           IceCv (visited)         Gauntlet (visited)
 Vaults: D:13-14

Altars:
Ashenzari
Cheibriados
Dithmenos
Elyvilon
Fedhas
Gozag
Hepliaklqana
Kikubaaqudgha
Makhleb
Nemelex Xobeh
Okawaru
Qazlal
Ru
Sif Muna
Trog
Uskayaw
Vehumet
Wu Jian
Xom
Yredelemnul
Zin
The Shining One
Jiyva
Lugonu

Shops:
D:9 (   D:11 =   D:12 *   Orc:1 **   Orc:2 [*(:   Lair:1 =?*

Portals:
Abyss: Lair:5
Trove: D:11 (give 2 scrolls of acquirement)

Annotations:
D:12 2 transporters, Doj's ghost, journeyman MiFi
Orc:1 1 runed translucent door, exclusion: 2 orange crystal statues


Innate Abilities, Weirdness & Mutations

You are too large for most types of armour.
You have tough skin. (AC +1)
Your muscles are strong. (Str +4, Int/Dex -1)
You expend magic power (3 MP) to strengthen your wands.


Message History

The redback bites you. The broodmother bites you!!
* * * LOW HITPOINT WARNING * * *
The wolf spider hits you but does no damage.
You block the wolf spider's attack.
You puncture the broodmother!
The broodmother is heavily wounded.
You feel very sick. The wolf spider hits you.
* * * LOW HITPOINT WARNING * * *
You block the wolf spider's attack. You block the redback's attack.
The broodmother bites you but does no damage.
You hit the broodmother.
The broodmother is heavily wounded.
You feel very sick. You block the wolf spider's attack.
The wolf spider bites you.
* * * LOW HITPOINT WARNING * * *
You block the wolf spider's attack. The wolf spider misses you.
The redback bites you!
* * * LOW HITPOINT WARNING * * *
The broodmother summons spiders!
You puncture the broodmother!
The broodmother is heavily wounded.
You feel very sick.
You block the wolf spider's attack. x2; The wolf spider hits you!
* * * LOW HITPOINT WARNING * * *
The wolf spider bites you but does no damage.
The redback bites you but does no damage.
You completely miss the broodmother.
The broodmother is heavily wounded.
You feel sick. The wolf spider closely misses you.
The wolf spider bites you but does no damage.
You block the redback's attack.
The broodmother summons spiders!
Unknown command.
You puncture the broodmother!
The broodmother is severely wounded.
* * * LOW HITPOINT WARNING * * *
You feel very sick. The wolf spider hits you!
You die...
Your body crumbles into a pile of gold.

##### ##.#.## #.....## ###.....#
####s###...#### ###.#.s.#^#..##.#
#..#..ss#..#..^.# #
##..#ss@##....##### ####
##.....#ss(......#.# .#.###
#.^.#.#.s.#.....#..## ##...#
###.....s#.....^.#...###
#.#.####.#...#....#.........#.##
.......#..##..###<..(#....#....#
...#.#...............#.#..#..###
........#.........#.#..^#.#....#
.........#....#.....#.#...#....##


You could see a broodmother, 2 wolf spiders, an orb spider (summoned), a
culicivora (summoned), 3 jumping spiders and 2 redbacks.

Vanquished Creatures
  Gastronok (D:9)
  An azure jelly (IceCv)
  An emperor scorpion (Spider:1)
  2 orc warlords
  A quicksilver ooze (IceCv)
  A minotaur (Gauntlet)
  An ettin (D:15)
  An entropy weaver (Spider:1)
  3 hydras
  Fannar (Orc:1)
  Erica (Orc:1)
  A death knight (D:15)
  A jorogumo (Spider:1)
  A radroach (Spider:1)
  2 centaur warriors
  A two-headed ogre (D:8)
  5 boulder beetles
  6 death yaks
  A tengu warrior (D:15)
  2 thrashing horrors (Lair:5)
  2 demonic crawlers
  2 orc high priests (Orc:2)
  A fire crab (Lair:4)
  Amaemon (Lair:1)
  A pharaoh ant (Spider:1)
  A skeletal warrior (D:15)
  2 orb spiders (Spider:1)
  Pikel (D:10)
  2 steelbarb worms (Spider:1)
  A harpy (D:10)
  7 orc knights
  3 orc sorcerers
  12 ugly things
  2 deep elf pyromancers
  8 wolf spiders (Spider:1)
  6 cyclopes
  A manticore (D:10)
  5 black mambas
  20 elephants
  A smoke demon (Lair:5)
  A torpor snail (Lair:5)
  Maggie (D:7)
  2 gargoyles
  An orange demon (Lair:1)
  4 unseen horror zombies (D:9)
  10 cane toads
  3 unseen horrors
  A minotaur zombie (Gauntlet)
  2 rime drakes
  A freezing wraith (D:15)
  16 komodo dragons
  A kobold demonologist (D:11)
  An ice devil (Lair:2)
  A tengu conjurer (D:15)
  4 polar bears
  5 trolls
  A queen bee (Lair:3)
  Grinder (D:5)
  15 blink frogs
  A raiju (Lair:5)
  7 dream sheep
  13 tarantellas (Spider:1)
  17 slime creatures
  7 jumping spiders (Spider:1)
  2 spriggans (Lair:5)
  Sigmund (D:5)
  A wraith (D:11)
  A shadow (D:11)
  3 wyverns
  A ynoxinul (Lair:5)
  4 culicivoras
  3 nameless horrors
  53 yaks
  A vampire (D:9)
  Eustachio (D:6)
  2 chaos spawn (Lair:5)
  A steam dragon (D:7)
  19 redbacks
  7 basilisks
  8 vampire mosquitoes
  Menkaure (D:6)
  2 large abominations (Lair:5)
  9 wargs
  13 water moccasins
  Duvessa (D:7)
  2 great orb of eyes simulacra (IceCv)
  31 orc warriors
  3 black bears
  A sky beast (D:7)
  A lemure (D:8)
  5 ogres
  6 centaurs
  20 wolves
  2 slime creature simulacra (IceCv)
  2 phantoms
  7 small abominations (Lair:5)
  2 kobold brigands
  9 bullfrogs
  2 gnoll sergeants
  4 scorpions
  2 entropy weaver simulacra (Lair:2)
  A glowing shapeshifter simulacrum (IceCv)
  17 wights
  Dowan (D:7)
  35 killer bees
  6 electric eels
  3 howler monkeys
  A centaur zombie (D:9)
  5 hounds
  13 orc priests
  3 jellies
  A gnoll bouda (D:5)
  2 iguanas
  A sleepcap (D:6)
  11 orc wizards
  6 hell rats (Lair:4)
  A shapeshifter simulacrum (IceCv)
  3 troll simulacra (Lair:2)
  A wolf simulacrum (Lair:2)
  2 howler monkey zombies (D:9)
  21 gnolls
  4 adders
  2 shadow imps
  2 white imps (D:6)
  2 ufetubi (D:6)
  A worm (D:3)
  3 dart slugs
  56 orcs
  7 endoplasms
  5 giant cockroaches
  20 goblins
  15 hobgoblins
  15 jackals
  21 kobolds
  4 quokkas
  14 ball pythons
  7 bats
  6 frilled lizards
  7 rats
787 creatures vanquished.

Vanquished Creatures (collateral kills)
  A hydra (Lair:5)
  4 death yaks
  A tengu warrior (D:15)
  A thrashing horror (Lair:5)
  A deep troll (D:15)
  2 orange crystal statues (Orc:1)
  2 orc knights
  A phantasmal warrior (D:15)
  An orc sorcerer (Orc:2)
  3 ugly things
  Maurice (Orc:1)
  An elephant (Lair:5)
  2 ice statues
  A komodo dragon (Lair:4)
  2 ice devils (Lair:2)
  A blink frog (Lair:5)
  2 trolls
  A blink frog (shapeshifter) (Lair:5)
  3 dream sheep (Lair:5)
  3 jumping spiders (Spider:1)
  2 culicivoras (Lair:2)
  5 yaks
  5 slime creatures (IceCv)
  3 basilisks
  2 wyverns (Lair:5)
  3 chaos spawn (Lair:5)
  3 redbacks (Spider:1)
  2 wargs
  A great orb of eyes simulacrum (IceCv)
  A small abomination (Lair:5)
  5 orc warriors (Orc:2)
  A wolf (Lair:5)
  2 glowing shapeshifter simulacra (IceCv)
  A two-headed ogre simulacrum (Lair:2)
  5 orc priests
  2 orc wizards (Orc:1)
  A shapeshifter simulacrum (IceCv)
  3 gnolls (D:13)
  5 orcs
86 creatures vanquished.

Vanquished Creatures (others)
  A hound (D:9)
1 creature vanquished.

Grand Total: 874 creatures vanquished

Notes
Turn   | Place    | Note
-------+----------+-------------------------------------------
     0 | D:1      | Shayle the Ogre Hexslinger began the quest for the Orb.
     0 | D:1      | Reached XP level 1. HP: 19/19 MP: 2/2
   117 | D:1      | Reached XP level 2. HP: 13/28 MP: 3/3
   132 | D:1      | Learned a level 2 spell: Jinxbite
   246 | D:1      | Reached skill level 1 in Unarmed Combat
   310 | D:1      | Reached XP level 3. HP: 36/36 MP: 4/4
   507 | D:1      | Found a faded altar of an unknown god.
   896 | D:2      | Reached XP level 4. HP: 37/45 MP: 5/5
  2064 | D:4      | Reached XP level 5. HP: 54/54 MP: 6/6
  2450 | D:4      | Reached XP level 6. HP: 32/63 MP: 5/7
  2703 | D:5      | Entered Level 5 of the Dungeon
  3080 | D:4      | Reached skill level 5 in Fighting
  3744 | D:5      | Reached XP level 7. HP: 66/72 MP: 5/8
  3798 | D:5      | Noticed Sigmund
  3811 | D:6      | Found a blossoming altar of Fedhas.
  4376 | D:5      | Found Xan Hery's CLEARANCE SALE!.
  4384 | D:5      | Bought a scroll of identify for 14 gold pieces
  4384 | D:5      | Bought a scroll of enchant armour for 52 gold pieces
  4384 | D:5      | Bought a +0 lajatang for 105 gold pieces
  4420 | D:5      | Identified a scroll of acquirement
  4420 | D:5      | Acquired the +7 Spriggan's Knife {stab, EV+4 Stlth+}
  4420 | D:5      | Found the +7 Spriggan's Knife {stab, EV+4 Stlth+}
  4656 | D:5      | Killed Sigmund
  4657 | D:5      | Reached skill level 1 in Short Blades
  4719 | D:5      | Reached XP level 8. HP: 73/84 MP: 6/9
  4828 | D:6      | Noticed Grinder
  4839 | D:5      | Reached skill level 5 in Dodging
  4850 | D:5      | Killed Grinder
  4927 | D:6      | Identified the +2 flail of Hepliaklqana {drain, rCorr Str-4
                  | Dex+3}
  5077 | D:6      | Noticed Menkaure
  5086 | D:6      | Killed Menkaure
  5143 | D:6      | Found a staircase to the Ecumenical Temple.
  5151 | Temple   | Entered the Ecumenical Temple
  5166 | Temple   | Became a worshipper of Gozag Ym Sagoz the Greedy
  5414 | D:6      | Noticed Eustachio
  5496 | D:6      | Reached skill level 1 in Stealth
  5519 | D:6      | Reached XP level 9. HP: 74/97 MP: 7/10
  5805 | D:6      | Killed Eustachio
  5990 | D:7      | You fall into a shaft and drop 1 floor!
  6299 | D:7      | Reached skill level 5 in Short Blades
  6467 | D:7      | Found a hazy altar of Hepliaklqana.
  6468 | D:7      | Noticed Maggie
  6484 | D:7      | Killed Maggie
  6485 | D:7      | Reached skill level 10 in Fighting
  6669 | D:7      | Noticed Dowan
  6761 | D:7      | Noticed Duvessa
  7079 | D:7      | Killed Duvessa
  7193 | D:7      | Killed Dowan
  7543 | D:8      | Reached skill level 1 in Armour
  7600 | D:8      | Reached XP level 10. HP: 111/111 MP: 11/11
  8990 | D:9      | Noticed a two-headed ogre
  9108 | D:8      | Killed a two-headed ogre
  9109 | D:8      | Reached skill level 5 in Stealth
  9225 | D:9      | Found Odelot's Antique Weapon Shop.
  9319 | D:9      | Noticed Gastronok
  9562 | D:10     | Identified the "Veblah"
  9562 | D:10     | Entered Level 10 of the Dungeon
  9755 | D:10     | Reached XP level 11. HP: 88/120 MP: 5/12
  9883 | D:10     | Found a flagged portal.
  9952 | Bailey   | Entered a bailey
 10316 | Bailey   | Noticed an orc warlord
 10335 | Bailey   | Identified the +10 morningstar of the Doomed Warrior
                  | {venom, *Rage Int+5 Dex+5}
 10358 | Bailey   | Killed an orc warlord
 10465 | Bailey   | Reached XP level 12. HP: 112/130 MP: 13/13
 10552 | Bailey   | Reached skill level 5 in Armour
 11026 | D:9      | Reached skill level 10 in Short Blades
 11083 | D:9      | Found a staircase to the Lair.
 11126 | Lair:1   | Entered Level 1 of the Lair of Beasts
 11415 | Lair:1   | Noticed Amaemon
 11440 | Lair:1   | Killed Amaemon
 11589 | Lair:1   | Identified the +9 spear "Athrar" {freeze, Str+2}
 11949 | Lair:1   | Reached skill level 5 in Hexes
 11987 | Lair:1   | Reached XP level 13. HP: 122/137 MP: 7/18
 12239 | Lair:2   | Found a hole to the Spider Nest.
 12592 | Lair:2   | Found a staircase to the Shoals.
 12941 | Lair:2   | Reached skill level 5 in Spellcasting
 14263 | Lair:1   | Bought a scroll of poison for 72 gold pieces
 14263 | Lair:1   | Bought a scroll of identify for 36 gold pieces
 14263 | Lair:1   | Bought a scroll of identify for 36 gold pieces
 14263 | Lair:1   | Bought a scroll of identify for 36 gold pieces
 14920 | D:9      | Killed Gastronok
 15001 | D:9      | Noticed Pikel
 15031 | D:10     | Killed Pikel
 15069 | D:9      | Found a stormy altar of Qazlal.
 15673 | D:10     | Found a staircase to the Orcish Mines.
 16473 | Lair:1   | Bought the ring "Veigecke" {rElec rF+ rN+ Str-2 Dex+2
                  | Stlth+} for 700 gold pieces
 16805 | Lair:3   | Reached XP level 14. HP: 120/146 MP: 22/25
 16977 | Lair:3   | Learned a level 4 spell: Cause Fear
 16981 | Lair:3   | Learned a level 3 spell: Inner Flame
 19127 | Lair:5   | Entered Level 5 of the Lair of Beasts
 19302 | Lair:4   | Reached skill level 1 in Fire Magic
 19389 | Lair:4   | Reached skill level 1 in Shields
 19793 | Lair:3   | Learned a level 5 spell: Summon Mana Viper
 19883 | D:11     | Found Qatamm's Jewellery Emporium.
 20017 | D:11     | Reached skill level 2 in Shields
 20223 | D:11     | Found a gate leading to a gauntlet.
 20232 | Gauntlet | Entered a Gauntlet
 20232 | Gauntlet | Found a transporter.
 20238 | Gauntlet | Noticed a cacodemon
 20241 | Gauntlet | Found a transporter.
 20242 | Gauntlet | Found a transporter.
 20246 | Gauntlet | Found a transporter.
 20253 | Gauntlet | Found a transporter.
 20253 | Gauntlet | Found a transporter.
 20255 | Gauntlet | Found a transporter.
 20256 | Gauntlet | Found a transporter.
 20320 | Gauntlet | Found a runed translucent door.
 20322 | Gauntlet | Found a transporter.
 20324 | Gauntlet | Found a runed translucent door.
 20334 | Gauntlet | Found a transporter.
 20338 | Gauntlet | Found a transporter.
 20350 | Gauntlet | Found a transporter.
 20456 | Gauntlet | Identified the ring of Epsukh {Drain rElec rN+++ MP+9
                  | Str-3}
 20467 | Gauntlet | Identified the amulet "Nyhawu" {Faith +Blink Str+2}
 20472 | Gauntlet | Identified the ring of Pohacei {Fly rC+ Str+6 SInv}
 20581 | Gauntlet | Reached skill level 1 in Summonings
 20608 | Gauntlet | Reached skill level 3 in Shields
 21292 | Lair:4   | Reached skill level 4 in Shields
 21638 | Lair:5   | Reached skill level 5 in Shields
 22034 | Lair:5   | Reached skill level 6 in Shields
 22123 | Lair:5   | Reached XP level 15. HP: 142/154 MP: 13/28
 22598 | Lair:5   | Reached skill level 7 in Shields
 22639 | Lair:5   | Found a corrupted altar of Lugonu.
 22639 | Lair:5   | Found a one-way gate to the infinite horrors of the Abyss.
 22645 | Lair:5   | Identified the staff of Ru, Healing {rElec Int+4 Tmut Air}
 22724 | Lair:5   | Reached skill level 5 in Summonings
 23241 | Lair:2   | Identified the ring "Biane" {Wiz Dex+3 Stlth+}
 23260 | Lair:2   | Reached skill level 8 in Shields
 23663 | Orc:1    | Entered Level 1 of the Orcish Mines
 23663 | Orc:1    | Found a runed translucent door.
 23668 | Orc:1    | Found the +10 tower shield of Ignorance {rN+ Int-4}
 23697 | Orc:1    | Noticed Fannar
 23703 | Orc:1    | Killed Fannar
 23794 | Orc:1    | Noticed Maurice
 23799 | Orc:1    | Maurice stole the staff of Ru, Healing {rElec Int+4 Tmut
                  | Air}
 23805 | Orc:1    | Maurice stole a phial of floods
 23807 | Orc:1    | Maurice stole 6 silver javelins
 23813 | Orc:1    | Killed Maurice
 24000 | Orc:1    | Found a runed translucent door.
 24081 | Orc:2    | Entered Level 2 of the Orcish Mines
 24110 | Orc:2    | Noticed an orc warlord
 24168 | Orc:1    | Killed an orc warlord
 24295 | Orc:2    | Found Myntym's Antique Weapon Boutique.
 24380 | Orc:1    | Noticed Erica
 24399 | Orc:2    | Gained mutation: You occasionally lose the ability to drink
                  | potions when taking damage. [a neqoxec]
 24418 | Orc:2    | Found Otouly's General Store.
 24618 | Orc:2    | Found Nivab's Book Shop.
 24638 | Orc:2    | Reached skill level 9 in Shields
 24671 | Orc:2    | Found Xipn's Antique Armour Shoppe.
 24674 | Orc:2    | Found a staircase to the Elven Halls.
 24745 | Orc:2    | Found a frozen archway.
 24754 | IceCv    | Entered an ice cave
 25734 | IceCv    | Found a viscous altar of Jiyva.
 25734 | IceCv    | Noticed an azure jelly
 25750 | IceCv    | Killed an azure jelly
 25791 | IceCv    | Identified the ring of Cufenn {rC++ rN+ MP+9 Int+3 SInv}
 25794 | IceCv    | Identified the +1 chain mail of the Monkey's Uncle {rElec
                  | rN+++ Regen+ Str-3}
 26191 | Orc:2    | Bought 3 scrolls of fear for 168 gold pieces
 26191 | Orc:2    | Bought a wand of paralysis (2) for 67 gold pieces
 26191 | Orc:2    | Bought a scroll of teleportation for 42 gold pieces
 26485 | Orc:1    | Found Saorutz's Specific Store.
 26485 | Orc:1    | Found Giefeen's General Store.
 26505 | Orc:1    | Killed Erica
 26506 | Orc:1    | Reached skill level 10 in Shields
 26539 | Orc:1    | Bought a potion of curing for 42 gold pieces
 26539 | Orc:1    | Bought a potion of curing for 42 gold pieces
 26539 | Orc:1    | Bought a potion of magic for 112 gold pieces
 26729 | D:11     | Identified the +11 quarterstaff of Plog {freeze, Str+3}
 27126 | D:11     | Found a portal to a secret trove of treasure.
 27437 | Lair:1   | Lost mutation: You occasionally lose the ability to drink
                  | potions when taking damage. [potion of mutation]
 27437 | Lair:1   | Gained mutation: You expend magic power (3 MP) to
                  | strengthen your wands. [potion of mutation]
 27437 | Lair:1   | Gained mutation: Your muscles are strong. (Str +4, Int/Dex
                  | -1) [potion of mutation]
 27459 | Lair:1   | Bought a scroll of enchant armour for 135 gold pieces
 27459 | Lair:1   | Bought a scroll of blinking for 135 gold pieces
 27459 | Lair:1   | Bought a scroll of fog for 72 gold pieces
 27704 | D:12     | Found Diklio's Assorted Antiques.
 27727 | D:12     | Bought a potion of heal wounds for 125 gold pieces
 27727 | D:12     | Bought a scroll of teleportation for 75 gold pieces
 27727 | D:12     | Bought a scroll of teleportation for 75 gold pieces
 27727 | D:12     | Bought a scroll labelled KAFU TOETOIVI for 25 gold pieces
 27768 | D:12     | Reached XP level 16. HP: 160/162 MP: 29/29
 28097 | D:12     | Found a transporter.
 28098 | D:12     | Noticed Doj's ghost (journeyman MiFi)
 28112 | D:12     | Found a transporter.
 29209 | D:14     | Reached skill level 11 in Shields
 29329 | D:15     | Entered Level 15 of the Dungeon
 29460 | D:15     | Found a staircase to the Depths.
 30644 | Lair:1   | Bought a scroll of teleportation for 45 gold pieces
 31065 | Lair:5   | Found a radiant altar of Vehumet.
 31238 | Lair:5   | Found a viscous altar of Jiyva.
 31239 | Lair:5   | Found a staircase to the Slime Pits.
 32181 | Spider:1 | Entered Level 1 of the Spider Nest
 32212 | Lair:2   | Reached skill level 10 in Summonings
 32287 | Spider:1 | Reached skill level 12 in Shields
 33285 | Orc:2    | Bought a book of Minor Magic for 288 gold pieces
 33289 | Orc:2    | Learned a level 3 spell: Mephitic Cloud
 34102 | D:10     | Learned a level 3 spell: Summon Guardian Golem
 34439 | Orc:1    | Lost intelligence.
 35403 | D:15     | Reached skill level 1 in Conjurations
 35403 | D:15     | Reached skill level 1 in Air Magic
 35403 | D:15     | Reached skill level 1 in Poison Magic
 35863 | D:15     | Reached XP level 17. HP: 170/170 MP: 30/30
 37255 | Spider:1 | Reached skill level 13 in Shields
 37564 | Spider:1 | HP: 10/255 [wolf spider (16)]
 37566 | Spider:1 | Slain by a wolf spider

Illustrated notes

Levels and vault maps discovered:
D:1:      amcnicky_arrival_underground_garden, layout_rooms,
          shapermc_ecumenical_altar_mp_urbaneastern, solitary_fountain
D:2:      layout_rooms
D:3:      layout_loops_ring
D:4:      layout_basic
D:5:      layout_gridville, nicolae_shop_clearance, uniq_sigmund
D:6:      layout_rooms, fedhas_ov_isle_minmay, minmay_temple_entry_fiery,
          uniq_menkaure, uniq_grinder, uniq_eustachio
D:7:      hellmonk_destroyed_diamonds, layout_loops_corners,
          mainiacjoe_overflow_concentric_impassable, nrook_loot_triangle,
          uniq_duvessa, uniq_maggie
D:8:      layout_basic
D:9:      layout_basic, lemuel_round_altar, erik_lair_island, serial_undead,
          serial_undead_b, serial_undead_f, serial_undead_c, serial_undead_d,
          serial_undead_e, serial_undead_a, minivault_26, nicolae_stop_n_shop_2,
          uniq_pikel, uniq_gastronok
D:10:     minmay_shrinking_squares, layout_loops_cross, david_orc_5,
          enter_bailey_5
D:11:     layout_cave_pods, gauntlet_entry_generic, serial_shops,
          shop_fountains, nicolae_trove_entry_diagonal,
          hangedman_abyss_or_decor_stabs, minmay_misc_feat_x, chequers_arboretum
D:12:     layout_rooms, gammafunk_ghost_berserking_beasts, nicolae_stop_n_shop_2
D:13:     layout_rooms, nicolae_the_louvre
D:14:     layout_loops_cross, grunt_vaults_entry_fortified, uniq_roxanne
D:15:     hangedman_depths_entry_civil_slaughter, layout_layer_cave,
          moated_statue
Temple:   hellmonk_temple_of_storms
Lair:1:   layout_gridlike, grunt_megastairs_4, uniq_amaemon
Lair:2:   dreamdust_isle_of_ice, layout_long_grid, elwin_shoals_entry_rocks,
          spider_nest_entry_webs
Lair:3:   layout_cave_pods, special_room [special_room_bee],
          beast_lair_carwin_6, infiniplex_staircase_pool
Lair:4:   layout_regular_city, serial_bayou, serial_bayou_pond_a,
          serial_bayou_crossing, serial_bayou_pond_b, serial_bayou_lake_a,
          minivault_23, nicolae_quartered_pool_impasse, serial_bayou_shore_a,
          lemuel_fruit_fields
Lair:5:   hellmonk_lair_end_abyssal_woods, layout_gridlike,
          dpeg_slime_entry_corner, basic_altar
Spider:1: layout_spider_delve
Spider:2: layout_spider_delve
Orc:1:    layout_caves, nicolae_specific_store,
          chequers_guarded_unrand_ignorance, uniq_maurice, uniq_fannar,
          uniq_erica
Orc:2:    grunt_orc_gardens, layout_diamond_mine, grunt_orc_garden,
          grunt_orc_garden, grunt_orc_garden, grunt_orc_garden,
          portal_ice_cave_entry_pillars_1, mines2_lemuel

Skill      XL: |  1  2  3  4  5  6  7  8  9 10 11 12 13 14 15 16 17 |
---------------+----------------------------------------------------+-----
Dodging        | 2 3 4 5 |  5.7
Fighting       | 2 3 4 5 6 8 10 11 | 11.2
Unarmed Combat | 1 2 3 |  3.7
Short Blades   | 1 3 5 7 9 10 | 10.0
Stealth        | 1 3 5 8 9 |  9.2
Armour         | 1 4 6 8 9 |  9.1
Hexes          | 3 5 7 8 |  8.8
Spellcasting   | 3 7 9 |  9.2
Fire Magic     | 1 |  1.4
Shields        | 6 10 12 13 | 13.0
Summonings     | 3 8 11 | 11.1
Conjurations   | 1 2 |  2.2
Air Magic      | 1 2 |  2.1
Poison Magic   | 1 2 |  2.1
Ranged Weapons | |  1.3

Action                     |  1- 3 |  4- 6 |  7- 9 | 10-12 | 13-15 | 16-18 || total
---------------------------+-------+-------+-------+-------+-------+-------++-------
  Melee: Knife             |       |       |   250 |   776 |  2578 |  1276 ||  4880
         Punch             |       |       |     9 |    28 |   123 |    34 ||   194
   Fire: Sling             |   141 |   278 |    23 |    14 |     8 |       ||   464
  Throw: Throwing net      |       |       |       |     1 |       |       ||     1
   Cast: Jinxbite          |     1 |    14 |    39 |    80 |   127 |    33 ||   294
         Cause Fear        |       |       |       |       |    50 |    12 ||    62
         Summon Mana Viper |       |       |       |       |    47 |    65 ||   112
         Inner Flame       |       |       |       |       |     7 |     1 ||     8
         Summon Guardian G |       |       |       |       |       |     3 ||     3
         Mephitic Cloud    |       |       |       |       |       |     1 ||     1
 Invoke: Call Merchant     |       |       |       |       |     2 |     1 ||     3
         Potion Petition   |       |       |       |       |     2 |     4 ||     6
  Evoke: Wand              |       |       |    13 |    12 |    25 |    11 ||    61
         Phial of floods   |       |       |       |       |     1 |     1 ||     2
    Use: Potion            |     1 |     3 |     1 |     1 |    15 |    19 ||    40
         Scroll            |       |     5 |    10 |    10 |    24 |     8 ||    57
   Stab: Distracted        |       |       |     2 |     7 |    48 |    20 ||    77
         Sleeping          |       |       |     6 |     6 |    41 |     9 ||    62
         Paralysed         |       |       |     1 |     1 |       |     3 ||     5
         Held in net/web   |       |       |       |     2 |       |       ||     2
         Invisible         |       |       |       |       |    23 |    45 ||    68
         Fleeing           |       |       |       |       |     4 |       ||     4
 Armour: Robe              |   126 |   150 |   149 |       |       |       ||   425
         Swamp dragon scal |       |       |    12 |   396 |  1502 |   792 ||  2702
  Dodge: Dodged            |   112 |   145 |   238 |   417 |  1372 |   727 ||  3011
  Block: Kite shield       |       |       |       |       |       |   290 ||   290

Table legend: (Time is in decaauts)
 A = Elapsed time spent in this place.
 B = Non-inter-level travel time spent in this place.
 C = Inter-level travel time spent in this place.
 D = Time resting spent in this place.
 E = Time spent auto-exploring this place.
 F = Levels seen in this place.
 G = Mean time per level.
                   A        B        C        D        E       F      G
               +--------+--------+--------+--------+--------+-----+--------+
         Total |  37101 |  32625 |   4476 |   5807 |  13613 |  28 | 1325.0 |
       Dungeon |  21297 |  18340 |   2957 |   3580 |   9366 |  15 | 1419.8 |
        Temple |     30 |     15 |     15 |      0 |      0 |   1 |   30.0 |
          Lair |  10377 |   9207 |   1170 |   1417 |   3287 |   5 | 2075.4 |
   Spider Nest |   1155 |   1093 |     62 |    156 |    285 |   2 |  577.5 |
  Orcish Mines |   2150 |   1879 |    271 |     62 |    616 |   2 | 1075.0 |
        Bailey |    677 |    677 |      0 |    157 |     55 |   1 |  677.0 |
      Ice Cave |   1059 |   1059 |      0 |    397 |      4 |   1 | 1059.0 |
      Gauntlet |    354 |    354 |      0 |     36 |      0 |   1 |  354.0 |
               +--------+--------+--------+--------+--------+-----+--------+

Top non-repeatable levels by time:
    D:15: 2908 daAuts
    D:10: 2570 daAuts
  Lair:5: 2269 daAuts
     D:8: 2205 daAuts
  Lair:3: 2093 daAuts
  Lair:4: 2028 daAuts
  Lair:2: 2005 daAuts
  Lair:1: 1980 daAuts
     D:4: 1832 daAuts
     D:7: 1605 daAuts
     D:9: 1570 daAuts
    D:14: 1408 daAuts
     D:5: 1405 daAuts
    D:11: 1277 daAuts
   Orc:2: 1153 daAuts
